 Dungeon Crawl Stone Soup version 0.22-a0-196-gee22f2738c (webtiles) character file.

25 MrRokkomies the Unweaver (level 3, 11/25 HPs)
             Began as a Halfling Abyssal Knight on Feb 17, 2018.
             Was a Follower of Lugonu.
             Quit the game on level 1 of the Dungeon.
             The game lasted 00:03:51 (1042 turns).

MrRokkomies the Unweaver (Halfling Abyssal Knight)  Turns: 1042, Time: 00:03:52

Health: 11/25      AC:  3    Str: 14    XL:     3   Next: 20%
Magic:  5/5        EV: 13    Int: 10    God:    Lugonu [*.....]
Gold:   34         SH:  0    Dex: 13    Spells: 2/2 levels left

rFire    . . .     SeeInvis .   g - -3 hunting sling (curse)
rCold    . . .     Gourm    .   (shield restricted)
rNeg     . . .     Faith    .   b - +0 leather armour
rPois    .         Spirit   .   (no helmet)
rElec    .         Reflect  .   (no cloak)
rCorr    .         Harm     .   (no gloves)
MR       .....                  (no boots)
Stlth    +.........             (no amulet)
HPRegen  0.08/turn              (no ring)
MPRegen  0.09/turn              (no ring)

@: no status effects
A: small, mutation resistance 1
a: Depart the Abyss, Renounce Religion


You were on level 1 of the Dungeon.
You worshipped Lugonu.
Lugonu was aware of your devotion.
You were not hungry.

You visited 1 branch of the dungeon, and saw 1 of its levels.
You visited the Abyss 1 time.

You collected 34 gold pieces.

Inventory:

Hand Weapons
 a - a +1 falchion
 g - a cursed -3 hunting sling (weapon)
Missiles
 d - 27 sling bullets (quivered)
 f - 53 stones
Armour
 b - a +0 leather armour (worn)
Scrolls
 e - a scroll of teleportation
Comestibles
 c - 4 rations


   Skills:
 - Level 2.6 Fighting
 * Level 2.8 Long Blades
 - Level 2.1 Armour
 - Level 1.1 Dodging
 * Level 2.9 Invocations


You had 2 spell levels left.
You didn't know any spells.

Dungeon Overview and Level Annotations

Branches:
Dungeon (1/15)

Altars:


Innate Abilities, Weirdness & Mutations

You are small and have problems with some larger weapons.
You are somewhat resistant to further mutation.


Message History

The rat barely misses you.
You hit the kobold.
You kill the kobold!
Lugonu accepts your kill. The rat barely misses you.
You riposte.
You closely miss the rat.
Things that are here:
a glowing hunting sling; a kobold corpse
g - a glowing hunting sling The rat bites you.
You closely miss the rat. The rat bites you but does no damage.
You hit the rat.
You kill the rat!
Lugonu accepts your kill.
You see here a rat corpse.
Wield which item (- for none, * to show all)? (? for menu, Esc to quit)
It sticks to your hand!
g - a cursed -3 hunting sling (weapon)
Okay, then.
Unknown command.
Are you sure you want to abandon this character and quit the game? (Confirm with "yes".)

#≈.............≈#...#
#≈.............≈#...#
#≈≈...........≈≈#...#
.#≈≈≈≈.......≈≈≈≈#...#
.#≈≈≈≈≈≈≈.≈≈≈≈≈≈≈#...#
.#≈≈≈≈≈≈≈<≈≈≈≈≈≈≈#...#
.#################†..#
.................†...#
................@....#
.....................#
........#######....###
##...>......##.........
##..........##..........
#............#..........
#'##########'#..........
##...# #...##..........
##.#.####.#.##..........


There were no monsters in sight!

Vanquished Creatures
  An ooze (D:1)
  A leopard gecko (D:1)
  2 bats (D:1)
  A giant cockroach (D:1)
  2 hobgoblins (D:1)
  4 jackals (D:1)
  A ball python (D:1)
  A frilled lizard (D:1)
  4 kobolds (D:1)
  2 rats (D:1)
19 creatures vanquished.

Notes
Turn   | Place    | Note
-------+----------+-------------------------------------------
     0 | Abyss:1  | MrRokkomies the Halfling Abyssal Knight began the quest for the Orb.
     0 | Abyss:1  | Reached XP level 1. HP: 15/15 MP: 2/2
     5 | Abyss:2  | Found a corrupted altar of Lugonu.
    39 | Abyss:2  | Noticed a small abomination
    47 | Abyss:2  | Noticed a chaos spawn
    62 | Abyss:2  | Found a bloodstained altar of Trog.
    78 | Abyss:2  | Noticed a bone dragon
   101 | Abyss:2  | Noticed a chaos spawn
   109 | Abyss:2  | Noticed a small abomination
   111 | Abyss:2  | Noticed a starcursed mass
   118 | Abyss:2  | Noticed a large abomination
   127 | D:1      | Escaped the Abyss
   343 | D:1      | Reached * piety under Lugonu
   348 | D:1      | Reached XP level 2. HP: 14/20 MP: 3/3
  1032 | D:1      | Reached XP level 3. HP: 14/25 MP: 5/5
  1042 | D:1      | Quit the game

Vault maps used:
D:1:      lordsloth_arrival_two_stooges, roderic_st_hans_cross

Action                   || total
-------------------------++-------
Melee: Falchion          ||    53
Invok: Depart the Abyss  ||     1
  Use: Scroll            ||     1
       Potion            ||     1
Armor: Leather armour    ||    36
Dodge: Dodged            ||    52
       Rpst.: Falchion   ||    10

Table legend:
 A = Spawn XP
 B = Non-spawn XP
 C = Spawn XP percentage of total XP
 D = Spawn monster count
 E = Non-spawn monster count
 F = Spawn count percentage of total count
 G = Total turns spent on level
                    A         B        C        D         E        F      G
               +---------+---------+-------+---------+---------+-------+---------
         Total |       0 |      37 |   0.0 |       0 |      19 |   0.0 |  1042
               +---------+---------+-------+---------+---------+-------+---------
           D:1 |       0 |      37 |   0.0 |       0 |      19 |   0.0 |   915
               +---------+---------+-------+---------+---------+-------+---------
